AoeStats
← Chiripa605

Socotra

505215065Analyzed
4v4 RM · 24d ago on Sep 8, 2026· 19m 19s· 8 players
Game mode
Random Map
Map size
148×148
Population
200
Speed
Normal
Resources
Standard
Victory
Conquest
Starting age
Dark Age
Ending age
Imperial Age
RankedLock teamsTeams togetherTeam positionsShared explorationLock speedFull tech treeHidden civsTurbo modeCheats
Victory
Defeat
🇻🇳 Magyars · Vietnam
1295
+15
🇨🇳 Tupi · China
1244
+17
🇨🇳 Shu · China
1221
+18
🇻🇳 Teutons · Vietnam
1206
+19
🇹🇷 Lithuanians · Türkiye
1291
-18
🇨🇳 Hindustanis · China
1288
-18
🇨🇳 Romans · China
1278
-18
🇺🇸 Sicilians · United States
1220
-15
Akane
7:15 Loom
11:41 Feudal Age
13:51 Champi Runner
Lumberjack
6:31 Loom
9:44 Feudal Age
10:23 Double-Bit Axe
14:14 Fletching
19:25 Padded Archer Armor
19:17 Horse Collar
Phu Thuy
6:57 Loom
13:07 Feudal Age
20:03 Castle Age
18:33 Double-Bit Axe
Spartacus
6:43 Loom
9:07 Feudal Age
10:18 Double-Bit Axe
12:49 Horse Collar
15:52 Wheelbarrow
16:26 Scale Barding Armor
Chiripa605
4:52 Loom
10:35 Feudal Age
11:21 Double-Bit Axe
bayirm17
2:54 Loom
9:37 Feudal Age
10:11 Double-Bit Axe
16:54 Bloodlines
eee
4:48 Loom
9:56 Feudal Age
10:03 Man-at-Arms
12:31 Scale Mail Armor
16:03 Forging
伟少
7:04 Loom
9:13 Feudal Age
9:58 Double-Bit Axe
10:36 Horse Collar
16:51 Forging
17:22 Wheelbarrow
Connection lost

Rejoining the realm…

Still unreachable

The connection could not be restored.

Session expired

The server has moved on; the page needs a fresh start.